SA
EUGENE VANDALS @ PUT-IN-BAY COMMODORES
08/24/2053
 
TOP OF THE 1ST
Eugene Vandals batting - Pitching for Put-In-Bay Commodores : RHP Mark Cunningham
Pitching: RHP Mark Cunningham
Batting: RHB Bill Walton 0-0: Ground out 5-3 (Groundball, 56, EV 83.8 MPH)
Batting: RHB Juan Sáenz 0-0: Ball
1-0: Called Strike
1-1: Ball
2-1: Ball
3-1: Fly out, F8 (Flyball, 8RM, EV 86.2 MPH)
Batting: RHB Chris Perry 0-0: Ball
1-0: Foul Ball, location: 2F
1-1: Called Strike
1-2: DOUBLE (Flyball, 8RXD, EV 100.6 MPH) - OUT at third base trying to stretch hit.
Top of the 1st over - 0 runs, 1 hit, 0 errors, 0 left on base; Eugene 0 - Put-In-Bay 0
BOTTOM OF THE 1ST
Put-In-Bay Commodores batting - Pitching for Eugene Vandals : RHP Curt Whitley
Pitching: RHP Curt Whitley
Batting: RHB Dan Grimwood 0-0: Ball
1-0: Foul Ball, location: 2F
1-1: Ground out 6-3 (Groundball, 6, EV 82.5 MPH)
Batting: RHB Jalo Kemppinen 0-0: Called Strike
0-1: Ball
1-1: Ball
2-1: SOLO HOME RUN (Flyball, 7D, EV 95.0 MPH), Distance : 352 ft
Batting: LHB Ernesto Reyes 0-0: Ball
1-0: Foul Ball, location: 2F
1-1: Fly out, F6 (Popup, 6M, EV 56.9 MPH)
Batting: RHB Don Hickman 0-0: SOLO HOME RUN (Flyball, 7D, EV 96.2 MPH), Distance : 372 ft
Batting: LHB Doug Hall 0-0: SINGLE (Flyball, 6D, EV 85.6 MPH)
Batting: RHB Brian Thompson 0-0: Ball
1-0: Swinging Strike
1-1: Fly out, F6 (Line Drive, 6, EV 68.1 MPH)
Bottom of the 1st over - 2 runs, 3 hits, 0 errors, 1 left on base; Eugene 0 - Put-In-Bay 2
TOP OF THE 2ND
Eugene Vandals batting - Pitching for Put-In-Bay Commodores : RHP Mark Cunningham
Batting: LHB Werner Andrews 0-0: Foul Ball, location: 2F
0-1: Foul Ball, location: 2F
0-2: Ball
1-2: Foul Ball, location: 2F
1-2: Foul Ball, location: 2F
1-2: Strikes out swinging
Batting: RHB Carlos García 0-0: Called Strike
0-1: Called Strike
0-2: Strikes out swinging
Batting: RHB Brett Taylor 0-0: Ball
1-0: Called Strike
1-1: Called Strike
1-2: Strikes out swinging
Top of the 2nd over - 0 runs, 0 hits, 0 errors, 0 left on base; Eugene 0 - Put-In-Bay 2
BOTTOM OF THE 2ND
Put-In-Bay Commodores batting - Pitching for Eugene Vandals : RHP Curt Whitley
Batting: RHB Jim Duncan 0-0: Foul Ball, location: 2F
0-1: Foul Ball, location: 2F
0-2: Ball
1-2: Strikes out swinging
Batting: RHB Mark Cunningham 0-0: Ball
1-0: Ground out 5-3 (Groundball, 56, EV 111.2 MPH)
Batting: LHB Xing-fu Jiang 0-0: Ball
1-0: Foul Ball, location: 2F
1-1: Ball
2-1: Foul Ball, location: 2F
2-2: Ball
3-2: Base on Balls
Batting: RHB Dan Grimwood 0-0: Called Strike
0-1: Ball
Xing-fu Jiang steals 2nd base
1-1: Fly out, F8 (Flyball, 8LXD, EV 81.9 MPH)
Bottom of the 2nd over - 0 runs, 0 hits, 0 errors, 1 left on base; Eugene 0 - Put-In-Bay 2
TOP OF THE 3RD
Eugene Vandals batting - Pitching for Put-In-Bay Commodores : RHP Mark Cunningham
Batting: SHB Luis Tañón 0-0: Called Strike
0-1: Fly out, F6 (Popup, 6M, EV 63.1 MPH)
Batting: LHB Jorge Ortíz 0-0: Called Strike
0-1: Foul Ball, location: 2F
0-2: Ball
1-2: Ball
2-2: Ground out U3 (Groundball, 34S, EV 79.4 MPH)
Batting: RHB Steve Holmes 0-0: Swinging Strike
0-1: Ball
1-1: Swinging Strike
1-2: Strikes out looking
Top of the 3rd over - 0 runs, 0 hits, 0 errors, 0 left on base; Eugene 0 - Put-In-Bay 2
BOTTOM OF THE 3RD
Put-In-Bay Commodores batting - Pitching for Eugene Vandals : RHP Curt Whitley
Batting: RHB Jalo Kemppinen 0-0: Ball
1-0: Ball
2-0: Ball
3-0: Called Strike
3-1: SINGLE (Groundball, 5S, EV 68.1 MPH) (infield hit)
Batting: LHB Ernesto Reyes 0-0: Foul Ball, location: 2F
0-1: Grounds into double play, 4-6-3 (Groundball, 34, EV 78.1 MPH)
Batting: RHB Don Hickman 0-0: Called Strike
0-1: Foul Ball, location: 2F
0-2: Strikes out looking
Bottom of the 3rd over - 0 runs, 1 hit, 0 errors, 0 left on base; Eugene 0 - Put-In-Bay 2
TOP OF THE 4TH
Eugene Vandals batting - Pitching for Put-In-Bay Commodores : RHP Mark Cunningham
Batting: RHB Bill Walton 0-0: Foul Ball, location: 2F
0-1: Foul Ball, location: 2F
0-2: Ball
1-2: Strikes out swinging
Batting: RHB Juan Sáenz 0-0: Ball
1-0: Swinging Strike
1-1: Swinging Strike
1-2: Ground out 6-3 (Groundball, 56D, EV 103.1 MPH)
Batting: RHB Chris Perry 0-0: Ball
1-0: Swinging Strike
1-1: Swinging Strike
1-2: Ball
2-2: Ball
3-2: Strikes out swinging
Top of the 4th over - 0 runs, 0 hits, 0 errors, 0 left on base; Eugene 0 - Put-In-Bay 2
BOTTOM OF THE 4TH
Put-In-Bay Commodores batting - Pitching for Eugene Vandals : RHP Curt Whitley
Batting: LHB Doug Hall 0-0: Fly out, F7 (Flyball, 7, EV 73.8 MPH)
Batting: RHB Brian Thompson 0-0: Called Strike
0-1: Called Strike
0-2: Ground out 6-3 (Groundball, 6, EV 88.8 MPH)
Batting: RHB Jim Duncan 0-0: Ball
1-0: Fly out, F7 (Flyball, 7S, EV 85.0 MPH)
Bottom of the 4th over - 0 runs, 0 hits, 0 errors, 0 left on base; Eugene 0 - Put-In-Bay 2
TOP OF THE 5TH
Eugene Vandals batting - Pitching for Put-In-Bay Commodores : RHP Mark Cunningham
Batting: LHB Werner Andrews 0-0: Called Strike
0-1: Foul Ball, location: 2F
0-2: Strikes out swinging
Batting: RHB Carlos García 0-0: Ball
1-0: Foul Ball, location: 2F
1-1: Swinging Strike
1-2: Strikes out swinging, 2-3 out at first.
Batting: RHB Brett Taylor 0-0: Ball
1-0: SINGLE (Line Drive, 6MD, EV 96.9 MPH)
Batting: SHB Luis Tañón 0-0: Fly out, F8 (Flyball, 8LXD, EV 108.8 MPH)
Top of the 5th over - 0 runs, 1 hit, 0 errors, 1 left on base; Eugene 0 - Put-In-Bay 2
BOTTOM OF THE 5TH
Put-In-Bay Commodores batting - Pitching for Eugene Vandals : RHP Curt Whitley
Batting: RHB Mark Cunningham 0-0: Ball
1-0: Ball
2-0: Reached on error, E6 (Groundball, 6, EV 109.4 MPH)
Batting: LHB Xing-fu Jiang 0-0: Ball
1-0: Bunt missed!
1-1: Bunted foul
1-2: Foul Ball, location: 2F
1-2: SINGLE (Groundball, 4M, EV 96.2 MPH) (infield hit)
Mark Cunningham to second
Batting: RHB Dan Grimwood 0-0: Fielders Choice at 2nd, 6-4 (Groundball, 6, EV 101.2 MPH)
Mark Cunningham to third
Batting: RHB Jalo Kemppinen 0-0: Called Strike
0-1: Ball
1-1: Swinging Strike
1-2: DOUBLE (Line Drive, 5D, EV 104.4 MPH)
Mark Cunningham scores
Dan Grimwood to third
Batting: LHB Ernesto Reyes 0-0: Called Strike
0-1: Foul Ball, location: 2F
0-2: Foul Ball, location: 2F
0-2: Foul Ball, location: 2F
0-2: Foul Ball, location: 2F
0-2: Ball
1-2: Strikes out swinging
Batting: RHB Don Hickman 0-0: Ball
1-0: Foul Ball, location: 2F
1-1: Ball
2-1: Foul Ball, location: 2F
2-2: Ground out 5-3 (Groundball, 56S, EV 85.6 MPH)
Bottom of the 5th over - 1 run, 2 hits, 1 error, 2 left on base; Eugene 0 - Put-In-Bay 3
TOP OF THE 6TH
Eugene Vandals batting - Pitching for Put-In-Bay Commodores : RHP Mark Cunningham
Batting: LHB Jorge Ortíz 0-0: Ball
1-0: Called Strike
1-1: Fly out, F7 (Flyball, 7, EV 91.2 MPH)
Batting: RHB Steve Holmes 0-0: Ball
1-0: Ball
2-0: Called Strike
2-1: Foul Ball, location: 2F
2-2: Foul Ball, location: 2F
2-2: Fly out, F8 (Flyball, 78M, EV 77.5 MPH)
Batting: RHB Bill Walton 0-0: Called Strike
0-1: Ball
1-1: Fly out, F8 (Flyball, 78M, EV 86.9 MPH)
Top of the 6th over - 0 runs, 0 hits, 0 errors, 0 left on base; Eugene 0 - Put-In-Bay 3
BOTTOM OF THE 6TH
Put-In-Bay Commodores batting - Pitching for Eugene Vandals : RHP Curt Whitley
Batting: LHB Doug Hall 0-0: Ball
1-0: Ball
2-0: Ball
3-0: Called Strike
3-1: Base on Balls
Batting: RHB Brian Thompson 0-0: Ball
1-0: Bunted foul
1-1: Sac Bunt to 2L - play at first, batter OUT! 2-3
Doug Hall to second
Batting: RHB Jim Duncan 0-0: Ball
1-0: Called Strike
1-1: Ball
2-1: Ball
3-1: Foul Ball, location: 2F
3-2: Foul Ball, location: 2F
3-2: SINGLE (Line Drive, 78M, EV 110.0 MPH)
Doug Hall to third
Runner from 3rd tries for Home, SAFE, throw by LF to home
Batting: RHB Mark Cunningham 0-0: Ground out 4-3 (Groundball, 34S, EV 85.0 MPH)
Jim Duncan to second
Batting: LHB Xing-fu Jiang 0-0: Called Strike
0-1: Swinging Strike
0-2: Foul Ball, location: 2F
0-2: Ball
1-2: Foul Ball, location: 2F
1-2: Strikes out swinging
Bottom of the 6th over - 1 run, 1 hit, 0 errors, 1 left on base; Eugene 0 - Put-In-Bay 4
TOP OF THE 7TH
Eugene Vandals batting - Pitching for Put-In-Bay Commodores : RHP Mark Cunningham
Batting: RHB Juan Sáenz 0-0: Foul Ball, location: 2F
0-1: Ball
1-1: Foul Ball, location: 2F
1-2: Ground out 6-3 (Groundball, 6, EV 80.6 MPH)
Batting: RHB Chris Perry 0-0: Swinging Strike
0-1: Called Strike
0-2: DOUBLE (Flyball, 8RXD, EV 104.4 MPH)
Batting: LHB Werner Andrews 0-0: Ball
1-0: Ground out 4-3 (Groundball, 4, EV 111.2 MPH)
Chris Perry to third
Batting: RHB Carlos García 0-0: Ball
1-0: Foul Ball, location: 2F
1-1: Ground out U3 (Groundball, 34S, EV 91.2 MPH)
Top of the 7th over - 0 runs, 1 hit, 0 errors, 1 left on base; Eugene 0 - Put-In-Bay 4
BOTTOM OF THE 7TH
Put-In-Bay Commodores batting - Pitching for Eugene Vandals : RHP Curt Whitley
Batting: RHB Dan Grimwood 0-0: Ball
1-0: Ball
2-0: Swinging Strike
2-1: Ball
3-1: SINGLE (Groundball, 34D, EV 98.1 MPH)
Pitching: RHP Rodrigo Romano
Batting: RHB Jalo Kemppinen 0-0: Sac Bunt to 15 - play at first, batter OUT! 1-3
Dan Grimwood to second
Batting: LHB Ernesto Reyes 0-0: Ball
1-0: SINGLE (Groundball, 4MD, EV 96.9 MPH)
Dan Grimwood to third
Runner from 3rd tries for Home, SAFE, throw by CF to home
Batting: RHB Don Hickman 0-0: Ball
1-0: SINGLE (Line Drive, 89S, EV 108.1 MPH)
Ernesto Reyes to second
Batting: LHB Doug Hall 0-0: Called Strike
0-1: Ball
1-1: Fly out, F8 (Flyball, 89S, EV 73.8 MPH)
Batting: RHB Brian Thompson 0-0: Ball
1-0: Ball
2-0: Called Strike
2-1: Foul Ball, location: 2F
2-2: Strikes out looking
Bottom of the 7th over - 1 run, 3 hits, 0 errors, 2 left on base; Eugene 0 - Put-In-Bay 5
TOP OF THE 8TH
Eugene Vandals batting - Pitching for Put-In-Bay Commodores : RHP Mark Cunningham
Batting: RHB Brett Taylor 0-0: Ball
1-0: Fly out, F3 (Popup, 3DF, EV 73.8 MPH)
Batting: SHB Luis Tañón 0-0: Called Strike
0-1: Ball
1-1: Fly out, F8 (Flyball, 89D, EV 85.0 MPH)
Batting: LHB Jorge Ortíz 0-0: Ball
1-0: Foul Ball, location: 2F
1-1: Ball
2-1: Ball
3-1: Base on Balls
Batting: RHB Steve Holmes 0-0: Called Strike
0-1: Foul Ball, location: 2F
0-2: Ball
1-2: Fielders Choice at 2nd, 6-4 (Groundball, 6, EV 87.5 MPH)
Top of the 8th over - 0 runs, 0 hits, 0 errors, 1 left on base; Eugene 0 - Put-In-Bay 5
BOTTOM OF THE 8TH
Put-In-Bay Commodores batting - Pitching for Eugene Vandals : RHP Rodrigo Romano
Batting: RHB Jim Duncan 0-0: Called Strike
0-1: Ball
1-1: Swinging Strike
1-2: Ball
2-2: Ball
3-2: Strikes out swinging
Batting: RHB Mark Cunningham 0-0: Ball
1-0: Ball
2-0: Ball
3-0: Called Strike
3-1: Foul Ball, location: 2F
3-2: Foul Ball, location: 2F
3-2: Strikes out swinging
Batting: LHB Xing-fu Jiang 0-0: Ball
1-0: Called Strike
1-1: Swinging Strike
1-2: Strikes out swinging
Bottom of the 8th over - 0 runs, 0 hits, 0 errors, 0 left on base; Eugene 0 - Put-In-Bay 5
TOP OF THE 9TH
Eugene Vandals batting - Pitching for Put-In-Bay Commodores : RHP Mark Cunningham
Batting: RHB Bill Walton 0-0: Ball
1-0: Foul Ball, location: 2F
1-1: Ball
2-1: Ground out 4-3 (Groundball, 4, EV 107.5 MPH)
Pitching: RHP Moana Yani
Batting: RHB Juan Sáenz 0-0: Foul Ball, location: 2F
0-1: Swinging Strike
0-2: Strikes out swinging
Batting: RHB Chris Perry 0-0: Ball
1-0: Called Strike
1-1: Ball
2-1: Foul Ball, location: 2F
2-2: Ball
3-2: Base on Balls
Batting: LHB Werner Andrews 0-0: DOUBLE (Line Drive, 8RXD, EV 96.9 MPH)
Chris Perry to third
Batting: RHB Carlos García 0-0: Ground out 5-3 (Groundball, 5, EV 81.2 MPH)
Top of the 9th over - 0 runs, 1 hit, 0 errors, 2 left on base; Eugene 0 - Put-In-Bay 5
Saturday, January 20th , 2024 - OOTP Baseball 23.10 Build 110